 Dungeon Crawl Stone Soup version 0.17-a0-737-gf0a300a (webtiles) character file.

135 Leibowitz the Shield-Bearer (level 5, -1/36 HPs)
             Began as a Halfling Fighter on Apr 27, 2015.
             Slain by a hobgoblin (3 damage)
             ... led by Robin
             ... on level 3 of the Dungeon.
             The game lasted 00:07:38 (2230 turns).

Leibowitz the Shield-Bearer (Halfling Fighter)      Turns: 2230, Time: 00:07:38

Health: -1/36      AC:  2    Str: 16    XL:     5   Next: 42%
Magic:  5/5        EV: 12    Int: 12    God:
Gold:   154        SH: 10    Dex: 15    Spells: 0 memorised, 4 levels left

rFire  . . .     SeeInvis .     a - +0 rapier
rCold  . . .     Clarity  .     k - +0 robe
rNeg   . . .     SustAb   .     c - +0 shield
rPois  .         Gourm    .     (no helmet)
rElec  .         Spirit   .     (no cloak)
rCorr  .         Warding  .     (no gloves)
rMut   .         Stasis   .     (no boots)
MR     .....                    (no amulet)
Stlth  ++........               (no ring)
                                p - +5 ring of intelligence

@: drained, not resistant to hostile enchantments, unstealthy
A: mutation resistance 1
a: no special abilities


You were on level 3 of the Dungeon.
You were hungry.

You visited 1 branch of the dungeon, and saw 3 of its levels.

You collected 154 gold pieces.

Inventory:

Hand weapons
 a - a +0 rapier (weapon)
 b - a +0 blowgun
Missiles
 s - 2 poisoned needles
Armour
 c - a +0 shield (worn)
 k - a +0 robe (worn)
Jewellery
 p - a +5 ring of intelligence (left hand)
Scrolls
 f - 5 scrolls of identify {unknown}
 h - 4 scrolls of blinking {unknown}
 i - 3 scrolls of recharging {unknown}
 j - 3 scrolls of immolation {unknown}
 l - a scroll of magic mapping {unknown}
 m - a scroll of enchant armour {unknown}
 n - a scroll of remove curse {unknown}
Comestibles
 e - 2 bread rations
 g - a meat ration
 o - 2 chunks of flesh
 q - a slice of pizza
 t - 2 royal jellies


   Skills:
 + Level 3.2(3.1) Fighting
 + Level 3.2(3.1) Short Blades
 + Level 3.7(3.6) Armour
 + Level 2.1(1.9) Dodging
 * Level 2.0(1.8) Stealth
 + Level 4.1(4.0) Shields


You had 4 spell levels left.
You didn't know any spells.

Dungeon Overview and Level Annotations

Branches:
Dungeon (3/15)

Altars:

Annotations:
D:3 Grinder


Innate Abilities, Weirdness & Mutations

You are small and have problems with some larger weapons.
You are somewhat resistant to further mutation.


Message History

* * * LOW HITPOINT WARNING * * *
The hobgoblin misses you. The goblin barely misses you.
Robin hits you but does no damage.
You barely miss Robin.
Robin is almost dead.
You block the hobgoblin's attack. You block the goblin's attack.
You hit Robin.
You kill Robin!
You block the hobgoblin's attack. The goblin hits you with a dagger.
* * * LOW HITPOINT WARNING * * *
Your shield prevents you from hitting the goblin.
The goblin hits you with a dagger.
* * * LOW HITPOINT WARNING * * *
You barely miss the goblin. The hobgoblin hits you.
* * * LOW HITPOINT WARNING * * *
The giant newt barely misses you. You block the goblin's attack.
You hit the goblin but do no damage. The hobgoblin closely misses you.
You block the giant newt's attack. You block the goblin's attack.
You closely miss the goblin. The hobgoblin hits you.
You die...

.........##.......#
#.#
..(.......##....#.#
#.#
...........#......###
.
...........#.........
#..#.......#......#
.##........'))....#
.##........'...####
#..#.......#..glg#
...........#...#@#
...........#.#.#g#
..........##...#.#
.........##.##.#.#
........###. #.#.#
.......## #. ....#
... #.### #' .


You could see a hobgoblin, 2 goblins and a giant newt.

Vanquished Creatures
  Jessica (D:2)
  Robin (D:3)
  4 adders
  A worm (D:2)
  2 giant geckos (D:1)
  2 orcs (D:3)
  4 ball pythons
  4 hobgoblins
  7 jackals
  11 kobolds
  5 bats
  2 giant cockroaches
  A giant newt (D:1)
  11 goblins
  7 rats
63 creatures vanquished.

Notes
Turn   | Place    | Note
--------------------------------------------------------------
     0 | D:1      | Leibowitz, the Halfling Fighter, began the quest for the Orb.
     0 | D:1      | Reached XP level 1. HP: 15/15 MP: 1/1
    60 | D:1      | Reached skill level 1 in Stealth
    60 | D:1      | Reached XP level 2. HP: 20/20 MP: 2/2
   324 | D:1      | HP: 1/20 [giant gecko (4)]
   347 | D:1      | Reached XP level 3. HP: 2/25 MP: 3/3
  1059 | D:2      | Reached skill level 1 in Dodging
  1231 | D:2      | Reached XP level 4. HP: 28/31 MP: 4/4
  1261 | D:2      | Noticed Jessica
  1283 | D:2      | Killed Jessica
  1681 | D:2      | Reached XP level 5. HP: 30/36 MP: 5/5
  1808 | D:3      | Noticed Grinder
  2024 | D:3      | Reached skill level 4 in Shields
  2079 | D:3      | Noticed Robin
  2226 | D:3      | Killed Robin
  2230 | D:3      | Slain by a hobgoblin

Action                   |  1- 3 |  4- 6 || total
-------------------------+-------+-------++-------
Melee: Rapier            |   124 |   109 ||   233
  Use: Potion            |     4 |     2 ||     6
 Stab: Sleeping          |       |     1 ||     1
  Eat: Chunk             |     1 |     3 ||     4
